 Dungeon Crawl Stone Soup version 0.29-a0-575-g0dc89cf053 (webtiles) character file.

Game seed: 17586832545538835296

9530 Zonian the Fighter (level 11, -6/89 HPs)
             Began as a Gnoll Abyssal Knight on June 12, 2022.
             Was a High Priest of Lugonu.
             Shot with a bolt by a yaktaur (17 damage)
             ... while paralysed by an ogre mage
             ... on level 10 of the Dungeon.
             The game lasted 00:48:00 (17988 turns).

Zonian the Fighter (Gnoll Abyssal Knight)          Turns: 17988, Time: 00:48:01

Health: -6/89      AC: 18    Str: 12    XL:     11   Next: 47%
Magic:  20/20      EV:  2    Int: 11    God:    Lugonu [*****.]
Gold:   388        SH:  0    Dex: 16    Spells: 22/22 levels left

rFire   . . .      SeeInvis .   c - +3 spear (vamp)
rCold   . . .      Faith    .   (no shield)
rNeg    . . .      Spirit   .   L - +1 leather armour "Hoquuc" {rPois rCorr}
rPois   +          Reflect  .   h - +2 helmet
rElec   .          Harm     .   z - scarf {repulsion}
rCorr   +          Rampage  .   m - +2 pair of gloves
Will    .....                   D - +1 pair of boots
Stlth   +++.......              (no amulet)
HPRegen 0.24/turn               l - +4 ring of protection
MPRegen 0.17/turn               x - ring of wizardry

@: paralysed, repel missiles
A: fangs 1, strong nose, distributed training
a: Renounce Religion, Depart the Abyss, Bend Space, Banish, Corrupt, Enter the
Abyss


You were on level 10 of the Dungeon.
You worshipped Lugonu.
Lugonu was extremely pleased with you.
You visited 1 branch of the dungeon, and saw 10 of its levels.
You visited the Abyss 1 time.
You also visited: Sewer and Bailey.

You collected 697 gold pieces.
You spent 309 gold pieces at shops.

Inventory:

Hand Weapons
 a - a +1 short sword of chaos
 c - a +3 vampiric spear (weapon)
 f - a +1 dagger of venom
 p - the +1 bardiche "Hellblazer" {vamp, rC+}
   (You found it in a bailey)

   It occasionally heals its wielder for a portion of the damage dealt when it
   wounds a living foe.
   rC:        It protects you from cold.
 s - a +2 vampiric hand axe
 A - a +0 rapier
 F - a +3 trident
 H - a +0 hunting sling
Missiles
 d - 20 poisoned darts
 k - 9 javelins
 v - 5 boomerangs of dispersal
 J - a throwing net
Armour
 b - a +1 leather armour
 h - a +2 helmet (worn)
 m - a +2 pair of gloves (worn)
 z - a scarf of repulsion (worn)
 C - the +0 robe of Lethargy {rF- Str+7}
   (You found it on level 6 of the Dungeon)

   Str:       It affects your strength (+7).
   rF:        It makes you vulnerable to fire.
 D - a +1 pair of boots (worn)
 E - +0 steam dragon scales
 I - a +0 troll leather armour
 L - the +1 leather armour "Hoquuc" (worn) {rPois rCorr}
   (You bought it in a shop on level 3 of the Dungeon)

   rPois:     It protects you from poison.
   rCorr:     It protects you from acid and corrosion.
Magical Staves
 K - a staff of earth
Jewellery
 l - a +4 ring of protection (left hand)
 x - a ring of wizardry (right hand)
Wands
 j - a wand of iceblast (10)
 n - a wand of charming (5)
 t - a wand of paralysis (3)
 u - a wand of mindburst (9)
 w - a wand of acid (9)
Scrolls
 r - 5 scrolls of identify
 y - 3 scrolls of teleportation
 B - a scroll of fear
 M - a scroll of fog
Potions
 e - 4 potions of curing
 g - a potion of heal wounds
 i - a potion of flight
 o - 3 potions of resistance
 q - a potion of might
 G - a potion of ambrosia


   Skills:
 + Level 9.2 Fighting
 + Level 7.9 Short Blades
 + Level 6.3 Long Blades
 + Level 6.3 Axes
 + Level 6.3 Maces & Flails
 + Level 6.3 Polearms
 + Level 6.3 Staves
 + Level 6.3 Slings
 + Level 6.3 Bows
 + Level 6.3 Crossbows
 + Level 6.3 Throwing
 + Level 7.9 Armour
 + Level 6.9 Dodging
 + Level 6.3 Stealth
 + Level 6.3 Shields
 + Level 6.3 Unarmed Combat
 + Level 6.3 Spellcasting
 + Level 5.2 Conjurations
 + Level 5.2 Hexes
 + Level 5.2 Summonings
 + Level 5.2 Necromancy
 + Level 5.2 Translocations
 + Level 5.2 Transmutations
 + Level 5.2 Fire Magic
 + Level 5.2 Ice Magic
 + Level 5.2 Air Magic
 + Level 5.2 Earth Magic
 + Level 5.2 Poison Magic
 + Level 8.4 Invocations
 + Level 6.3 Evocations


You had 22 spell levels left.
You didn't know any spells.
Your spell library contained the following spells:

 Spells                   Type           Power      Damage    Failure   Level
 Call Canine Familiar     Summ           15%        N/A       3%          3
 Portal Projectile        Hex/Tloc       30%        N/A       3%          3
 Fulminant Prism          Conj/Hex       7%         3d7       11%         4
 Iskenderun's Mystic Bla  Conj/Tloc      15%        2d5       11%         4
 Leda's Liquefaction      Hex/Erth       7%         N/A       11%         4
 Lee's Rapid Deconstruct  Erth           7%         3d8*      28%         5


Dungeon Overview and Level Annotations

Branches:
Dungeon (10/15)            Temple (0/1) D:4           Sewer (visited)
 Bailey (visited)
   Lair: D:8-11         Orc: D:9-12

Altars:
Gozag
Makhleb

Shops:
D:3 :[   D:6 (:

Annotations:
D:2 1 runed translucent door, Crazy Yiuf
D:6 2 transporters, siradein's ghost, novice MiBe
D:10 Fannar


Innate Abilities, Weirdness & Mutations

You have very sharp teeth.
Your uncanny sense of smell can sniff out nearby items.
Your experience applies equally to all skills.


Message History

You hit the shadow. Your punch misses the shadow.
The shadow is moderately damaged.
The shadow barely misses you.
The yaktaur hits you from afar with a +3 glaive of protection!
You barely miss the shadow. You bite the shadow, but do no damage.
The shadow is moderately damaged.
The shadow misses you. The yaktaur misses you.
You hit the shadow but do no damage.
The shadow is moderately damaged.
Unknown command.
You hit the shadow but do no damage. You punch the shadow.
The shadow is moderately damaged.
The shadow hits you.
The yaktaur hits you from afar with a +3 glaive of protection.
You hit the shadow but do no damage.
The shadow is moderately damaged.
The shadow slips into darkness.
The shadow flickers and vanishes!
The yaktaur unwields a +3 glaive of protection.
The yaktaur wields a +0 arbalest.
The yaktaur shoots a bolt.
Reactivating autopickup.
You feel a bit more experienced.
You hear some strange, mumbled words.
Deactivating autopickup; reactivate with Ctrl-A.
You suddenly lose the ability to move!
You hear a horrible gurgling sound!
You hear an angry buzzing noise.
You hear an angry buzzing noise.
You hear an angry hiss.
You hear a roar!
You hear a shout!
The yaktaur shoots a bolt.
The bolt hits you!
* * * LOW HITPOINT WARNING * * *
You hear an angry buzzing noise.
Something hits you.
* * * LOW HITPOINT WARNING * * *
The yaktaur shoots a bolt.
You hear a horrible gurgling sound!
You hear a roar!
A centaur warrior comes into view. It is wielding a staff of earth.
Something hits you but does no damage.
The yaktaur shoots a bolt.
The bolt hits you!
You die...

∆ ∆ .# ∆∆∆ #y ∆ # #.# ∆∆∆ #T.
#c#..# #.yy #.##..# #.T# ####
#..##..# #W.### ###..####
#..##..#..##.#
####.......####..###.###..##
∆
#............##.@.c........##
∆
#....<.........##..#####...#
##.............##...# #.#..#
#.............# #...#
#.##..... #.......?....#
##...# #.# ####.
#............###...##
#.#####..
#..............#...#
#.......#
...........###.....#
#####.##. ..........##
###...# ##......


You could see a centaur warrior and a yaktaur.

Vanquished Creatures
  3 two-headed ogres
  Maggie (D:6)
  Grinder (D:5)
  A hornet (D:8)
  4 trolls
  A shadow (D:9)
  A wraith (D:8)
  Eustachio (D:5)
  A wyvern (D:8)
  A vampire mosquito (D:9)
  A steam dragon (D:8)
  Menkaure (D:4)
  An ice beast (D:6)
  A black bear (D:4)
  3 sky beasts
  12 orc warriors
  11 centaurs
  2 ogres
  4 phantoms
  A kobold brigand (D:7)
  4 bullfrogs
  3 gnoll sergeants (D:8)
  A scorpion (D:5)
  4 wights
  13 killer bees
  3 howler monkeys
  2 jellies
  3 hounds
  2 orc priests
  2 gnoll shamans (D:9)
  Jessica (D:2)
  Ijyb (D:5)
  3 iguanas
  5 orc wizards
  20 gnolls
  8 adders
  3 shadow imps
  A white imp (D:7)
  4 worms
  2 dart slugs (D:2)
  48 orcs
  15 endoplasms
  15 giant cockroaches
  13 goblins
  11 hobgoblins
  9 kobolds
  11 quokkas
  12 ball pythons
  8 bats
  14 frilled lizards
  10 rats
303 creatures vanquished.

Vanquished Creatures (others)
  A hornet (D:9)
  A shadow (D:10)
  A centaur (Bailey)
  An orc (D:8)
  5 plants
9 creatures vanquished.

Grand Total: 312 creatures vanquished

Notes
Turn   | Place    | Note
-------+----------+-------------------------------------------
     0 | Abyss:1  | Zonian the Gnoll Abyssal Knight began the quest for the
                  | Orb.
     0 | Abyss:1  | Reached XP level 1. HP: 23/23 MP: 3/3
     5 | D:1      | Escaped the Abyss
   195 | D:1      | Reached XP level 2. HP: 29/29 MP: 5/5
   423 | D:1      | Found a faded altar of an unknown god.
   557 | D:1      | Reached XP level 3. HP: 35/35 MP: 6/6
   578 | D:1      | Reached *** piety under Lugonu
  1107 | D:2      | Reached skill level 1 in Long Blades
  1107 | D:2      | Reached skill level 1 in Axes
  1107 | D:2      | Reached skill level 1 in Maces & Flails
  1107 | D:2      | Reached skill level 1 in Polearms
  1107 | D:2      | Reached skill level 1 in Staves
  1107 | D:2      | Reached skill level 1 in Slings
  1107 | D:2      | Reached skill level 1 in Bows
  1107 | D:2      | Reached skill level 1 in Crossbows
  1107 | D:2      | Reached skill level 1 in Throwing
  1107 | D:2      | Reached skill level 1 in Stealth
  1107 | D:2      | Reached skill level 1 in Shields
  1107 | D:2      | Reached skill level 1 in Unarmed Combat
  1107 | D:2      | Reached skill level 1 in Spellcasting
  1107 | D:2      | Reached skill level 1 in Evocations
  1148 | D:2      | Reached XP level 4. HP: 33/41 MP: 7/7
  1383 | D:2      | Noticed Jessica
  1388 | D:2      | Killed Jessica
  1389 | D:2      | Reached skill level 1 in Conjurations
  1389 | D:2      | Reached skill level 1 in Hexes
  1389 | D:2      | Reached skill level 1 in Summonings
  1389 | D:2      | Reached skill level 1 in Necromancy
  1389 | D:2      | Reached skill level 1 in Translocations
  1389 | D:2      | Reached skill level 1 in Transmutations
  1389 | D:2      | Reached skill level 1 in Fire Magic
  1389 | D:2      | Reached skill level 1 in Ice Magic
  1389 | D:2      | Reached skill level 1 in Air Magic
  1389 | D:2      | Reached skill level 1 in Earth Magic
  1389 | D:2      | Reached skill level 1 in Poison Magic
  1544 | D:2      | Found a runed translucent door.
  1545 | D:2      | Noticed Crazy Yiuf
  1941 | D:3      | Found Jilaemak's Book Emporium.
  1967 | D:3      | Found a glowing drain.
  1991 | Sewer    | Entered a sewer
  2033 | Sewer    | Reached XP level 5. HP: 47/47 MP: 8/8
  2061 | Sewer    | Reached **** piety under Lugonu
  2764 | Sewer    | Reached skill level 5 in Invocations
  2764 | Sewer    | Reached XP level 6. HP: 24/53 MP: 9/9
  2768 | Sewer    | Reached skill level 5 in Short Blades
  2768 | Sewer    | Reached skill level 5 in Armour
  3095 | D:3      | Found Jetifud's Armour Shop.
  3666 | D:3      | Reached ***** piety under Lugonu
  3831 | D:4      | Found a staircase to the Ecumenical Temple.
  3861 | D:4      | Reached XP level 7. HP: 47/59 MP: 10/10
  4025 | D:4      | Reached skill level 7 in Fighting
  4107 | D:4      | Noticed Menkaure
  4123 | D:4      | Killed Menkaure
  5065 | D:5      | Entered Level 5 of the Dungeon
  5069 | D:5      | Noticed Grinder
  5149 | D:5      | Reached XP level 8. HP: 56/67 MP: 12/12
  5544 | D:5      | Noticed Eustachio
  5609 | D:5      | Killed Eustachio
  6327 | D:5      | Noticed Ijyb
  6329 | D:5      | Killed Ijyb
  6417 | D:5      | Killed Grinder
  6863 | D:6      | Found an opulent altar of Gozag.
  6868 | D:6      | Found a burning altar of Makhleb.
  6925 | D:6      | Noticed Maggie
  6937 | D:6      | Killed Maggie
  6938 | D:6      | Reached XP level 9. HP: 54/73 MP: 14/14
  6938 | D:6      | Identified the +0 robe of Lethargy {rF- Str+7}
  7549 | D:6      | Found Cif Empiho's Antique Weapon Shop.
  7599 | D:6      | Found Emupaipn's Book Shoppe.
  7670 | D:6      | Reached skill level 5 in Dodging
  7853 | D:6      | Found a transporter.
  7853 | D:6      | You fall into a shaft and drop 1 floor!
  7926 | D:7      | Reached skill level 8 in Fighting
  8025 | D:7      | Found a flagged portal.
  8137 | Bailey   | Entered a bailey
  8611 | Bailey   | Reached XP level 10. HP: 69/80 MP: 17/17
  9694 | Bailey   | Reached skill level 5 in Long Blades
  9694 | Bailey   | Reached skill level 5 in Axes
  9694 | Bailey   | Reached skill level 5 in Maces & Flails
  9694 | Bailey   | Reached skill level 5 in Polearms
  9694 | Bailey   | Reached skill level 5 in Staves
  9694 | Bailey   | Reached skill level 5 in Slings
  9694 | Bailey   | Reached skill level 5 in Bows
  9694 | Bailey   | Reached skill level 5 in Crossbows
  9694 | Bailey   | Reached skill level 5 in Throwing
  9694 | Bailey   | Reached skill level 5 in Stealth
  9694 | Bailey   | Reached skill level 5 in Shields
  9694 | Bailey   | Reached skill level 5 in Unarmed Combat
  9694 | Bailey   | Reached skill level 5 in Spellcasting
  9694 | Bailey   | Reached skill level 5 in Evocations
  9791 | Bailey   | Identified the +1 bardiche "Hellblazer" {vamp, rC+}
 10788 | D:6      | Found a transporter.
 10788 | D:6      | Noticed siradein's ghost (novice MiBe)
 12668 | D:8      | Noticed a two-headed ogre
 13410 | D:8      | Killed a two-headed ogre
 13895 | D:8      | Reached XP level 11. HP: 40/87 MP: 19/19
 14633 | D:3      | Bought the +1 leather armour "Hoquuc" {rPois rCorr} for 309
                  | gold pieces
 15090 | D:9      | Reached skill level 9 in Fighting
 15255 | D:9      | Noticed a two-headed ogre
 15274 | D:9      | Killed a two-headed ogre
 15275 | D:9      | Reached skill level 5 in Conjurations
 15275 | D:9      | Reached skill level 5 in Hexes
 15275 | D:9      | Reached skill level 5 in Summonings
 15275 | D:9      | Reached skill level 5 in Necromancy
 15275 | D:9      | Reached skill level 5 in Translocations
 15275 | D:9      | Reached skill level 5 in Transmutations
 15275 | D:9      | Reached skill level 5 in Fire Magic
 15275 | D:9      | Reached skill level 5 in Ice Magic
 15275 | D:9      | Reached skill level 5 in Air Magic
 15275 | D:9      | Reached skill level 5 in Earth Magic
 15275 | D:9      | Reached skill level 5 in Poison Magic
 15852 | D:9      | Noticed a two-headed ogre
 15874 | D:9      | Killed a two-headed ogre
 16545 | D:10     | Entered Level 10 of the Dungeon
 17394 | D:10     | Noticed Fannar
 17401 | D:10     | Upgraded the game from 0.29-a0-563-g64e4043184 to
                  | 0.29-a0-575-g0dc89cf053
 17965 | D:10     | Noticed an ogre mage
 17984 | D:10     | Paralysed by something for 4 turns
 17988 | D:10     | Noticed a centaur warrior
 17988 | D:10     | Shot with a bolt by a yaktaur

Illustrated notes

Levels and vault maps discovered:
D:1:      onia_arrival_handbag, layout_basic,
          chequers_ecumenical_altar_simple_redux
D:2:      layout_loops_ring, serial_park_tiny_2, uniq_crazy_yiuf_cottage,
          uniq_jessica
D:3:      minmay_wonky_spiral, layout_loops_ring, portal_sewer_entry_f,
          serial_shops, nicolae_shop_behind_doors, shop
D:4:      layout_gridville, minmay_temple_entry_mist, serial_bayou,
          serial_bayou_ford_a, serial_bayou_lagoon_b, serial_bayou_pond_d,
          serial_bayou_shore_b, kennysheep_generic_room_12, uniq_menkaure
D:5:      layout_rooms, chequers_serial_rivers_room_a, palyth_stone_intersect,
          uniq_ijyb, uniq_grinder, uniq_eustachio
D:6:      layout_basic, minitemple, serial_shops,
          nicolae_shop_overgrown_old_shop, shop, gammafunk_ghost_hive,
          kennysheep_generic_room_14, uniq_maggie
D:7:      layout_rooms, enter_bailey_3
D:8:      kennysheep_blocky_room, layout_cave_pools,
          minmay_misc_feat_four_crosses, hangedman_abyss_or_decor_lesser_grid,
          serial_bayou_pond_c
D:9:      layout_roguey
D:10:     minmay_the_grid_octo_triangle [minmay_the_grid_octo_77,
          minmay_the_grid_octo_prize_star, minmay_the_grid_octo_teeth],
          layout_cave_pods, chequers_garden, dreamdust_wishing_well, uniq_fannar

Skill      XL: |  1  2  3  4  5  6  7  8  9 10 11 |
---------------+----------------------------------+-----
Long Blades    | 1 2 3 4 5 6 |  6.3
Axes           | 1 2 3 4 5 6 |  6.3
Maces & Flails | 1 2 3 4 5 6 |  6.3
Polearms       | 1 2 3 4 5 6 |  6.3
Staves         | 1 2 3 4 5 6 |  6.3
Slings         | 1 2 3 4 5 6 |  6.3
Bows           | 1 2 3 4 5 6 |  6.3
Crossbows      | 1 2 3 4 5 6 |  6.3
Throwing       | 1 2 3 4 5 6 |  6.3
Stealth        | 1 2 3 4 5 6 |  6.3
Shields        | 1 2 3 4 5 6 |  6.3
Unarmed Combat | 1 2 3 4 5 6 |  6.3
Spellcasting   | 1 2 3 4 5 6 |  6.3
Evocations     | 1 2 3 4 5 6 |  6.3
Conjurations   | 1 2 3 4 5 |  5.2
Hexes          | 1 2 3 4 5 |  5.2
Summonings     | 1 2 3 4 5 |  5.2
Necromancy     | 1 2 3 4 5 |  5.2
Translocations | 1 2 3 4 5 |  5.2
Transmutations | 1 2 3 4 5 |  5.2
Fire Magic     | 1 2 3 4 5 |  5.2
Ice Magic      | 1 2 3 4 5 |  5.2
Air Magic      | 1 2 3 4 5 |  5.2
Earth Magic    | 1 2 3 4 5 |  5.2
Poison Magic   | 1 2 3 4 5 |  5.2
Dodging        | 3 4 5 6 |  6.9
Invocations    | 5 6 7 8 |  8.4
Short Blades   | 5 6 7 |  7.9
Armour         | 5 6 7 |  7.9
Fighting       | 7 8 9 |  9.2

Action                   |  1- 3 |  4- 6 |  7- 9 | 10-12 || total
-------------------------+-------+-------+-------+-------++-------
Melee: Spear             |   118 |   322 |   502 |   684 ||  1626
       Bite              |     4 |    27 |    49 |    82 ||   162
       Punch             |       |     2 |     8 |    27 ||    37
Throw: Javelin           |       |       |     8 |     3 ||    11
       Dart              |       |       |     3 |     1 ||     4
Invok: Bend Space        |       |     1 |     5 |    12 ||    18
Evoke: Wand              |       |       |    21 |    45 ||    66
  Use: Scroll            |       |     8 |    10 |     5 ||    23
       Potion            |       |     2 |     2 |     5 ||     9
 Stab: Sleeping          |     7 |     9 |     3 |     1 ||    20
       Distracted        |       |     1 |     1 |     2 ||     4
       Paralysed         |       |       |     1 |       ||     1
Armor: Leather armour    |    20 |    69 |   105 |   135 ||   329
       Robe              |       |       |    73 |   150 ||   223
Dodge: Dodged            |    62 |   177 |   362 |   661 ||  1262
       Repelled          |       |       |     1 |     6 ||     7

Table legend: (Time is in decaauts)
 A = Elapsed time spent in this place.
 B = Non-inter-level travel time spent in this place.
 C = Inter-level travel time spent in this place.
 D = Time resting spent in this place.
 E = Time spent auto-exploring this place.
 F = Levels seen in this place.
 G = Mean time per level.
                   A        B        C        D        E       F      G
               +--------+--------+--------+--------+--------+-----+--------+
         Total |  17985 |  17293 |    692 |   7934 |   5312 |  13 | 1383.5 |
       Dungeon |  14942 |  14250 |    692 |   6187 |   5078 |  10 | 1494.2 |
         Abyss |      5 |      5 |      0 |      0 |      0 |   1 |    5.0 |
         Sewer |   1024 |   1024 |      0 |    451 |    233 |   1 | 1024.0 |
        Bailey |   2013 |   2013 |      0 |   1296 |      0 |   1 | 2013.0 |
               +--------+--------+--------+--------+--------+-----+--------+

Top non-repeatable levels by time:
     D:9: 2350 daAuts
     D:7: 2306 daAuts
     D:8: 2120 daAuts
  Bailey: 2013 daAuts
     D:5: 1729 daAuts
     D:6: 1601 daAuts
     D:4: 1327 daAuts
     D:2: 1149 daAuts
   Sewer: 1024 daAuts
     D:3: 997 daAuts
     D:1: 770 daAuts
    D:10: 588 daAuts
 Abyss:1: 5 daAuts
